 Dungeon Crawl Stone Soup version 0.21-a0-529-g8c7b3f5 (webtiles) character file.

17495 Gerstahl the Fighter (level 12, -4/96 HPs)
             Began as a Demonspawn Monk on Dec 9, 2017.
             Was an Elder of Ashenzari.
             Slain by a manticore (18 damage)
             ... on level 11 of the Dungeon.
             The game lasted 00:26:48 (13537 turns).

Gerstahl the Fighter (Demonspawn Monk)             Turns: 13537, Time: 00:26:49

Health: -4/96      AC:  5    Str: 13    XL:     12   Next: 19%
Magic:  17/17      EV: 18    Int: 11    God:    Ashenzari [****..]
Gold:   572        SH:  0    Dex: 20    Spells: 11/11 levels left

rFire    + . .     SeeInvis +   p - +3 falchion (curse)
rCold    . . .     Gourm    .   (no shield)
rNeg     . . .     Faith    .   H - +0 troll leather armour (curse)
rPois    +         Spirit   .   (no helmet)
rElec    .         Reflect  .   (no cloak)
rCorr    .         Harm     .   (no gloves)
MR       .....     Clarity  +   (no boots)
Stlth    +.........             (no amulet)
HPRegen  0.66/turn              d - ring of poison resistance
MPRegen  0.15/turn              t - ring of see invisible

@: confused, barbed spikes, heavily drained
A: fire resistance 1, spiny 2, flame cloud immunity, sturdy frame 1
a: Curse Item, Scrying, Renounce Religion


You were on level 11 of the Dungeon.
You worshipped Ashenzari.
Ashenzari was greatly pleased with you.
You were not hungry.

You visited 2 branches of the dungeon, and saw 12 of its levels.

You collected 572 gold pieces.

Inventory:

Hand Weapons
 a - a +0 falchion
 p - a cursed +3 falchion (weapon)
Armour
 b - a +0 robe
 i - a +1 leather armour
 q - a +0 ring mail
 y - the cursed +1 plate armour "Ymazalul" {Str+3 Int+2}
   (You took it off a wight on level 9 of the Dungeon)

   It affects your strength (+3).
   It affects your intelligence (+2).
   It has a curse placed upon it.
 C - +0 acid dragon scales
 H - a cursed +0 troll leather armour (worn)
Jewellery
 d - a ring of poison resistance (left hand)
 t - a ring of see invisible (right hand)
Wands
 j - a wand of iceblast (2)
 k - a wand of acid (1)
 l - a wand of paralysis (25)
 w - a wand of random effects (22)
 D - a wand of polymorph (9)
Scrolls
 e - 2 scrolls of fog
 f - 9 scrolls of identify
 g - 4 scrolls of amnesia
 h - a scroll of blinking
 o - a scroll of holy word
 r - a scroll of magic mapping
 v - a scroll of enchant armour
 A - 2 scrolls of immolation {unknown}
 B - a scroll of enchant weapon {unknown}
 G - a scroll of remove curse
Potions
 s - a potion of magic
 x - a potion of ambrosia
 E - a potion of curing
 F - a potion of brilliance {unknown}
Books
 u - a book of Geomancy

   Spells                             Type                      Level
   a - Sandblast                      Earth                        1
   b - Passwall                       Transmutation/Earth          2
   c - Stone Arrow                    Conjuration/Earth            3
   d - Petrify                        Transmutation/Earth          4
   e - Lee's Rapid Deconstruction     Earth                        5
Comestibles
 c - 11 bread rations
 m - 2 fruits
 n - 10 royal jellies
 z - 4 meat rations


   Skills:
 + Level 9.4(7.9) Fighting
 + Level 8.6(10.4) Long Blades
 + Level 8.5(7.1) Armour
 + Level 9.0(7.6) Dodging
 - Level 1.7(0.5) Stealth
 + Level 7.9(6.5) Evocations


You had 11 spell levels left.
You didn't know any spells.

Dungeon Overview and Level Annotations

Branches:
Dungeon (11/15)            Temple (1/1) D:5            Lair (0/6) D:8
    Orc: D:9-12

Altars:
Ashenzari
Cheibriados
Elyvilon
Kikubaaqudgha
Makhleb
Okawaru
Qazlal
Ru
Sif Muna
Uskayaw
Vehumet
Wu Jian
Xom
Zin
The Shining One

Shops:
D:9 :

Annotations:
D:8 Gastronok


Innate Abilities, Weirdness & Mutations

Your flesh is heat resistant. (rF+)
You are mostly covered in sharp spines.
You are immune to clouds of flame.
Your movements are slightly less encumbered by armour. (ER -2)


Message History

The manticore misses you. The manticore closely misses you.
You feel better. The manticore is struck by your spines.
The manticore misses you. The manticore claws you!
* * * LOW HITPOINT WARNING * * *
The manticore barely misses you.
Okay, then.
You are confused.
You feel invigorated. The manticore bites you!
* * * LOW HITPOINT WARNING * * *
The manticore claws you but does no damage.
The manticore barely misses you.
The barbs in your skin will harm you if you move.
Continue? [Y]es or [N]o only, please.
The barbs in your skin will harm you if you move.
Continue?
Okay, then.
The manticore is struck by your spines. The manticore bites you.
* * * LOW HITPOINT WARNING * * *
The manticore closely misses you. The manticore completely misses you.
The manticore bites you!!
You die...

* * * *,*,
#......#.#...# ,
#.##............## ,, *
* #.#......##.#....# ,
,* #.#.....###.#.#..# ,
* ,#.#.....# #.#.#..## ,
#.#.##### #.#...... *
#.#.# #.#......
####+#.#'#######.#......
, *
......H@.........#......
* *
.............#...#......
* *
..........#..#.#+#......
, *,*
###########........#....
, { #........#.##. ,,, *
, #........#.##. * , ,
*######.......##.### , ,
,....[.......##.# # ,
.####.#...#.#####.# #


You could see a manticore.

Vanquished Creatures
  A manticore (D:11)
  4 centaur zombies (D:7)
  2 hellwings (D:7)
  A harpy zombie (D:7)
  A troll (D:10)
  Grinder (D:5)
  Sigmund (D:2)
  A wyvern (D:11)
  A human (D:8)
  A hungry ghost (D:11)
  A yak (D:8)
  3 hogs (D:8)
  An acid dragon (D:11)
  4 ice beasts
  3 sky beasts
  An eye of draining (D:8)
  A black bear (D:7)
  4 ogres
  5 orc warriors
  3 phantoms
  A crocodile (D:7)
  3 centaurs
  9 bullfrogs
  A wyvern zombie (D:7)
  2 scorpions
  9 killer bees
  13 wights
  3 howler monkeys (D:5)
  A lava snake (D:9)
  3 crimson imps
  A quasit (D:9)
  2 bullfrog zombies
  4 centaur skeletons
  5 hounds
  2 bullfrog skeletons
  2 jellies
  12 orc priests
  11 orc wizards
  3 iguanas
  7 worker ants
  A hound zombie (D:9)
  3 worker ant zombies
  8 gnolls
  12 adders
  A howler monkey skeleton (D:5)
  4 shadow imps (D:7)
  An adder zombie (D:6)
  8 worms
  4 dart slugs
  8 leopard geckos
  45 orcs
  3 giant cockroaches
  6 goblins
  10 hobgoblins
  4 jackals (D:3)
  7 kobolds
  3 quokkas
  11 bats
  8 frilled lizards
  7 rats
288 creatures vanquished.

Vanquished Creatures (others)
  2 orc wizards (D:9)
  A killer bee zombie (D:6)
  A hobgoblin (D:1)
  A withered plant (D:7)
5 creatures vanquished.

Grand Total: 293 creatures vanquished

Notes
Turn   | Place    | Note
-------+----------+-------------------------------------------
     0 | D:1      | Gerstahl the Demonspawn Monk began the quest for the Orb.
     0 | D:1      | Reached XP level 1. HP: 18/18 MP: 1/1
   102 | D:1      | Gained mutation: Your movements are slightly less encumbered by armour. (ER -2) [demonic ancestry]
   102 | D:1      | Reached XP level 2. HP: 16/24 MP: 2/2
   502 | D:1      | Gained mutation: You are partially covered in sharp spines. [demonic ancestry]
   502 | D:1      | Reached XP level 3. HP: 6/29 MP: 3/3
  1084 | D:2      | Found a sacrificial altar of Ru.
  1084 | D:2      | Found a glowing golden altar of the Shining One.
  1085 | D:2      | Found a hide-covered altar of Uskayaw.
  1210 | D:2      | Reached skill level 1 in Armour
  1214 | D:2      | Gained mutation: Your flesh is heat resistant. (rF+) [demonic ancestry]
  1214 | D:2      | Reached XP level 4. HP: 20/37 MP: 4/4
  1593 | D:2      | Found a snail-covered altar of Cheibriados.
  1593 | D:2      | Found a faded altar of an unknown god.
  1599 | D:2      | Found a shimmering altar of Xom.
  1601 | D:2      | Found a radiant altar of Vehumet.
  1602 | D:2      | Found a faded altar of an unknown god.
  1704 | D:2      | Noticed Sigmund
  2121 | D:2      | Killed Sigmund
  2121 | D:2      | Reached XP level 5. HP: 25/43 MP: 5/5
  2289 | D:3      | Gained mutation: You are mostly covered in sharp spines. [demonic ancestry]
  2289 | D:3      | Reached XP level 6. HP: 29/49 MP: 6/6
  3572 | D:4      | Gained mutation: You are immune to clouds of flame. [demonic ancestry]
  3572 | D:4      | Reached XP level 7. HP: 55/55 MP: 7/7
  4042 | D:5      | Entered Level 5 of the Dungeon
  4263 | D:5      | Reached skill level 5 in Fighting
  4328 | D:5      | Reached skill level 1 in Evocations
  4387 | D:5      | Noticed Grinder
  4398 | D:4      | HP: 1/56 [something (6)]
  4691 | D:5      | Reached XP level 8. HP: 25/63 MP: 9/9
  4700 | D:5      | Reached skill level 5 in Long Blades
  5399 | D:5      | Reached skill level 5 in Dodging
  5681 | D:5      | Killed Grinder
  5966 | D:5      | Found a staircase to the Ecumenical Temple.
  5983 | Temple   | Entered the Ecumenical Temple
  6073 | Temple   | Became a worshipper of Ashenzari the Shackled
  6073 | Temple   | Reached * piety under Ashenzari
  6073 | Temple   | Reached ** piety under Ashenzari
  6495 | D:6      | Reached XP level 9. HP: 70/70 MP: 11/11
  6639 | D:6      | Found a shattered altar of Ashenzari.
  7153 | D:7      | Reached skill level 5 in Armour
  7231 | D:7      | Noticed a hellwing
  7238 | D:7      | Killed a hellwing
  7268 | D:7      | Reached skill level 5 in Evocations
  7307 | D:7      | Noticed a hellwing
  7691 | D:7      | Killed a hellwing
  7715 | D:7      | Reached XP level 10. HP: 28/79 MP: 12/14
  8929 | D:8      | Noticed Gastronok
  9406 | D:8      | Found a staircase to the Lair.
  9464 | D:8      | Found a radiant altar of Vehumet.
  9877 | D:9      | Found an ancient bone altar of Kikubaaqudgha.
  9928 | D:9      | Found Ikocuippi's Book Shop.
 10035 | D:8      | Paralysed by a wight for 3 turns
 10062 | D:8      | HP: 4/81 [wight/dagger (1)]
 10418 | D:9      | Found a stormy altar of Qazlal.
 10668 | D:9      | Got the cursed plate armour "Ymazalul" {Str+3 Int+2}
 11196 | D:9      | Reached *** piety under Ashenzari
 11597 | D:9      | Reached XP level 11. HP: 41/87 MP: 16/16
 11798 | D:9      | Reached XP level 12. HP: 95/95 MP: 17/17
 11884 | D:9      | Found an iron altar of Okawaru.
 11949 | D:10     | Entered Level 10 of the Dungeon
 12597 | D:10     | Identified the cursed +1 plate armour "Ymazalul" {Str+3 Int+2} (You took it off a wight on level 9 of the Dungeon)
 12747 | D:10     | Reached **** piety under Ashenzari
 13537 | D:11     | Slain by a manticore

Vault maps used:
D:1:      lemuel_arrival_river_ford, minmay_pentomino_p4
D:2:      gammafunk_temple_overflow_forgotten,
          chequers_temple_overflow_minitemple, first_bread, uniq_sigmund
D:3:      wad_pebble_path, kennysheep_doodads
D:4:      minmay_misc_feat_alley
D:5:      minmay_temple_entry_nine_rooms, serial_park_tiny_1,
          kennysheep_generic_room_9, uniq_grinder
D:6:      basic_altar, lemuel_flame_loot_1
D:7:      cheibrodos_grave_circle
D:8:      lair_entry_dummy, basic_altar, grunt_livestock, uniq_gastronok
D:9:      lemuel_flame_loot_2, nicolae_overflow_crystal_walls, kennysheep_mini,
          basic_altar, serial_shops, shop_fountains
Temple:   minmay_temple_curvy_branch

Skill      XL: |  1  2  3  4  5  6  7  8  9 10 11 12 |
---------------+-------------------------------------+-----
Long Blades    | 3 4 5 6 7 8 |  8.6
Dodging        | 3 4 5 6 7 8 9 |  9.0
Armour         | 1 2 3 4 5 7 8 |  8.5
Fighting       | 4 5 6 7 8 9 |  9.4
Evocations     | 2 3 5 6 7 |  7.9
Stealth        | |  1.7

Action                   |  1- 3 |  4- 6 |  7- 9 | 10-12 || total
-------------------------+-------+-------+-------+-------++-------
Melee: Falchion          |   103 |   120 |   326 |   413 ||   962
Invok: Curse Item        |       |       |     1 |     1 ||     2
Evoke: Wand              |       |       |    11 |    15 ||    26
  Use: Potion            |     3 |     2 |     9 |     5 ||    19
       Scroll            |       |       |       |     8 ||     8
 Stab: Sleeping          |     2 |     4 |     7 |     3 ||    16
       Invisible         |     3 |       |       |       ||     3
       Distracted        |       |       |       |     3 ||     3
  Eat: Chunk             |     1 |     5 |       |    17 ||    23
       Fruit             |       |     5 |       |     7 ||    12
       Meat ration       |       |       |     2 |       ||     2
Armor: Robe              |     3 |       |       |       ||     3
       Leather armour    |    20 |    15 |    24 |    33 ||    92
       Skin              |       |       |    10 |       ||    10
       Troll leather arm |       |       |       |     9 ||     9
       Ring mail         |       |       |       |     8 ||     8
Dodge: Dodged            |    65 |    64 |   235 |   291 ||   655
       Rpst.: Falchion   |    19 |    24 |    71 |    87 ||   201

Table legend:
 A = Spawn XP
 B = Non-spawn XP
 C = Spawn XP percentage of total XP
 D = Spawn monster count
 E = Non-spawn monster count
 F = Spawn count percentage of total count
 G = Total turns spent on level
                    A         B        C        D         E        F      G
               +---------+---------+-------+---------+---------+-------+---------
         Total |       0 |   14117 |   0.0 |       0 |     290 |   0.0 | 13537
               +---------+---------+-------+---------+---------+-------+---------
           D:1 |       0 |      58 |   0.0 |       0 |      26 |   0.0 |  1147
           D:2 |       0 |     303 |   0.0 |       0 |      26 |   0.0 |  1107
           D:3 |       0 |     111 |   0.0 |       0 |      20 |   0.0 |   784
           D:4 |       0 |     491 |   0.0 |       0 |      14 |   0.0 |  1278
           D:5 |       0 |    1309 |   0.0 |       0 |      39 |   0.0 |  1719
           D:6 |       0 |    1082 |   0.0 |       0 |      18 |   0.0 |  1236
           D:7 |       0 |    3552 |   0.0 |       0 |      29 |   0.0 |  1336
           D:8 |       0 |    2534 |   0.0 |       0 |      45 |   0.0 |  1324
           D:9 |       0 |    1533 |   0.0 |       0 |      32 |   0.0 |  1879
          D:10 |       0 |    1236 |   0.0 |       0 |      19 |   0.0 |  1101
          D:11 |       0 |    1908 |   0.0 |       0 |      22 |   0.0 |   487
               +---------+---------+-------+---------+---------+-------+---------
